 Dungeon Crawl Stone Soup version 0.28.0-53-g5a82cb258f (webtiles) character file.

Game seed: 15060038140492082107

21 Descartes the Grasshopper (level 2, 0/13 HPs)
             Began as a Felid Warper on June 19, 2022.
             Constricted to death by a ball python (1 damage)
             ... on level 1 of the Dungeon.
             The game lasted 00:01:29 (1233 turns).

Descartes the Grasshopper (Felid Warper)            Turns: 1233, Time: 00:01:29

Health: 0/13       AC:  1    Str:  7    XL:     2   Next: 62%
Magic:  6/6        EV: 15    Int: 14    God:
Gold:   24         SH:  0    Dex: 15    Spells: 5/5 levels left
                                        Lives:  0   Deaths: 0

rFire   . . .      SeeInvis +     - Unarmed
rCold   . . .      Faith    .   (shield unavailable)
rNeg    . . .      Spirit   .   (armour unavailable)
rPois   .          Reflect  .   (helmet unavailable)
rElec   .          Harm     .   (cloak unavailable)
rCorr   .          Rampage  .   (gloves unavailable)
Will    .....                   (boots unavailable)
Stlth   ++........              (no amulet)
HPRegen 0.04/turn               (no ring)
MPRegen 0.10/turn               (no ring)

@: constricted, quick
A: very small, claws 1, fangs 3, see invisible, speed 1, shaggy fur 1, stealthy
paws, no weapons or thrown items, no armour, multi-lived
a: no special abilities


You were on level 1 of the Dungeon.
You visited 1 branch of the dungeon, and saw 1 of its levels.

You collected 24 gold pieces.

Inventory:

Jewellery
 d - an amulet of faith
Scrolls
 a - a scroll of blinking
 b - a scroll of magic mapping {unknown}
 c - a scroll of enchant weapon {unknown}
 f - a scroll of torment {unknown}
Potions
 e - a potion of heal wounds {unknown}
 g - a potion of lignification {unknown}


   Skills:
 - Level 2.0 Fighting
 + Level 3.6 Dodging
 + Level 1.4 Stealth
 + Level 2.4 Unarmed Combat
 - Level 2.0 Spellcasting
 + Level 4.7 Translocations


You had 5 spell levels left.
You didn't know any spells.
Your spell library contained the following spells:

 Spells                   Type           Power      Damage    Failure   Level
 Blink                    Tloc           28%        N/A       4%          2
 Gell's Gravitas          Tloc           14%        N/A       10%         3
 Lesser Beckoning         Tloc           14%        N/A       10%         3
 Teleport Other           Tloc           14%        N/A       10%         3
 Manifold Assault         Tloc           14%        N/A       67%         5


Dungeon Overview and Level Annotations

Branches:
Dungeon (1/15)

Altars:


Innate Abilities, Weirdness & Mutations

You have sharp claws.
You have razor-sharp teeth.
You have supernaturally acute eyesight. (SInv)
You cover ground quickly. (Speed+)
You are covered in fur. (AC +1)
Your paws help you pounce on unaware monsters.
You are incapable of wielding weapons or throwing items.
You cannot wear armour.
You gain extra lives every three experience levels.


Message History

You closely miss the bat. The bat barely misses you. The bat hits you.
The bat hits you but does no damage.
You barely miss the bat. The bat misses you. The bat completely misses you.
The bat misses you.
You closely miss the bat. The bat misses you.
A bat is nearby!
The bat hits you. The bat misses you. The bat hits you.
You scratch the bat.
You kill the bat!
No target in view!
No target in view!
No target in view!
No target in view!
No target in view!
No target in view!
No target in view!
No target in view!
No target in view!
No target in view!
A frilled lizard comes into view.
The frilled lizard hisses angrily.
A quokka comes into view.
A bat comes into view.
A ball python comes into view.
The ball python hisses angrily.
You scratch the frilled lizard.
You kill the frilled lizard!
You scratch the bat.
The bat is heavily wounded.
The bat hits you but does no damage.
You scratch the bat.
You kill the bat!
The quokka bites you.
You barely miss the ball python. The quokka bites you.
The ball python bites you.
* * * LOW HITPOINT WARNING * * *
The ball python grabs you. The ball python constricts you.
You die...

...........# #####....
.#.....###.###..........
.####### #.##.#.#.#.#...
.# #.............. .#
#.#.#.#.#.#.#.# ##
#.#...........
#..#.#.#.#.#.#.
#..............
#.#.#.#@#.#$#.#
##....Sr.......
#.#.#.#?#.#.#. ##.... ..
.... #.#.# #.# #.. ##..
.. . #.# #.# ## ..


You could see a quokka and a ball python.

Vanquished Creatures
  3 endoplasms (D:1)
  2 giant cockroaches (D:1)
  A goblin (D:1)
  2 hobgoblins (D:1)
  A quokka (D:1)
  3 bats (D:1)
  2 frilled lizards (D:1)
  2 kobolds (D:1)
  3 rats (D:1)
19 creatures vanquished.

Notes
Turn   | Place    | Note
-------+----------+-------------------------------------------
     0 | D:1      | Descartes the Felid Warper began the quest for the Orb.
     0 | D:1      | Reached XP level 1. HP: 9/9 MP: 4/4
    41 | D:1      | Found a faded altar of an unknown god.
   519 | D:1      | Reached skill level 1 in Stealth
   519 | D:1      | Reached XP level 2. HP: 4/13 MP: 6/6
  1233 | D:1      | Constricted to death by a ball python

Illustrated notes

Levels and vault maps discovered:
D:1:      ncdulo_wetmaze, layout_basic, chequers_ecumenical_altar_twisty,
          st_stairs_6, hex_medium

Skill      XL: |  1 |
---------------+----+-----
Stealth        | 1 |  1.4
Fighting       | |  2.0
Dodging        | |  3.6
Unarmed Combat | |  2.4
Spellcasting   | |  2.0
Translocations | |  4.7

Action                   || total
-------------------------++-------
Melee: Unarmed           ||    56
       Bite              ||     6
       Punch             ||     1
 Stab: Sleeping          ||     2
Armor: Skin              ||     6
Dodge: Dodged            ||    49
